TOP OF THE 1ST |
Lehigh Valley IronPigs batting - Pitching for Colorado Springs Sky Sox : LHP Steve Ransom
|
Pitching: LHP Steve Ransom
|
|
Batting: LHB Theodore Conboy
|
0-0: Called Strike 0-1: Foul Ball, location: 2F 0-2: Ball 1-2: Ball 2-2: SINGLE (Line Drive, 8LS, EV 111.2 MPH)
|
Batting: RHB Alberto Ramirez
|
0-0: Ball 1-0: Ball 2-0: Fly out, F8 (Flyball, 8LM, EV 87.5 MPH)
|
Batting: LHB Josh George
|
0-0: Called Strike 0-1: Fielders Choice at 2nd, 5-4 (Groundball, 5, EV 78.1 MPH)
|
Batting: RHB Mark Schultz
|
0-0: Ball 1-0: Called Strike 1-1: Called Strike 1-2: Strikes out looking
|
Top of the 1st over - 0 runs, 1 hit, 0 errors, 1 left on base; Lehigh Valley 0 - Colorado Springs 0 |
BOTTOM OF THE 1ST |
Colorado Springs Sky Sox batting - Pitching for Lehigh Valley IronPigs : RHP Chad Capaldi
|
Pitching: RHP Chad Capaldi
|
|
Batting: LHB Steve Gilliam
|
0-0: Foul Ball, location: 2F 0-1: DOUBLE (Groundball, 5L, EV 106.2 MPH)
|
Batting: RHB Juan Figueroa
|
0-0: Ball 1-0: Called Strike 1-1: Called Strike 1-2: Foul Ball, location: 2F 1-2: Strikes out swinging
|
Batting: LHB Michael Krott
|
0-0: SINGLE (Flyball, 6D, EV 92.5 MPH) Steve Gilliam to third
|
Batting: LHB Luke Coulter
|
0-0: Called Strike Michael Krott steals 2nd base 0-1: Fly out, F7 (Flyball, 78S, EV 88.8 MPH) Runner from 3rd tags up, SCORES, throw by LF
|
Batting: RHB Eduardo Camacho
|
0-0: Ball 1-0: SINGLE (Line Drive, 89S, EV 110.0 MPH) Michael Krott to third Runner from 3rd tries for Home, SAFE, throw by RF to home
|
Batting: SHB Jamie Mims
|
0-0: Foul Ball, location: 2F 0-1: Ball 1-1: SINGLE (Line Drive, 7LS, EV 90.6 MPH) Eduardo Camacho to second
|
Batting: RHB John Stevenson
|
0-0: Foul Ball, location: 2F 0-1: Foul Ball, location: 2F 0-2: SINGLE (Groundball, 34D, EV 96.9 MPH) Eduardo Camacho to third Jamie Mims to second Runner from 3rd tries for Home, SAFE, throw by RF to home
|
Batting: LHB Mike Clark
|
0-0: Called Strike Jamie Mims is caught stealing 3rd base 2-5
|
Bottom of the 1st over - 3 runs, 5 hits, 0 errors, 1 left on base; Lehigh Valley 0 - Colorado Springs 3 |
TOP OF THE 2ND |
Lehigh Valley IronPigs batting - Pitching for Colorado Springs Sky Sox : LHP Steve Ransom
|
Batting: RHB Victor Arroyo
|
0-0: Ball 1-0: Called Strike 1-1: Ball 2-1: Swinging Strike 2-2: Ball 3-2: Strikes out swinging
|
Batting: SHB Marco de Leon
|
0-0: Called Strike 0-1: Foul Ball, location: 2F 0-2: Ball 1-2: Ball 2-2: Strikes out looking
|
Batting: LHB Jose Carlos
|
0-0: Called Strike 0-1: Fly out, F8 (Flyball, 8LS, EV 79.4 MPH)
|
Top of the 2nd over - 0 runs, 0 hits, 0 errors, 0 left on base; Lehigh Valley 0 - Colorado Springs 3 |
BOTTOM OF THE 2ND |
Colorado Springs Sky Sox batting - Pitching for Lehigh Valley IronPigs : RHP Chad Capaldi
|
Batting: LHB Mike Clark
|
0-0: Called Strike 0-1: Ball 1-1: Ground out 5-3 (Groundball, 56, EV 98.1 MPH)
|
Batting: RHB Zach Sommer
|
0-0: Foul Ball, location: 2F 0-1: Ball 1-1: Ball 2-1: Ball 3-1: Base on Balls
|
Batting: LHB Steve Gilliam
|
0-0: Called Strike 0-1: Foul Ball, location: 2F 0-2: Foul Ball, location: 2F 0-2: Ball 1-2: Ball 2-2: Foul Ball, location: 2F 2-2: Ball 3-2: Fly out, F5 (Line Drive, 5L, EV 66.9 MPH)
|
Batting: RHB Juan Figueroa
|
0-0: Called Strike Zach Sommer steals 2nd base (no throw) 0-1: Ball 1-1: Called Strike 1-2: Ball 2-2: Ground out 5-3 (Groundball, 56, EV 110.0 MPH)
|
Bottom of the 2nd over - 0 runs, 0 hits, 0 errors, 1 left on base; Lehigh Valley 0 - Colorado Springs 3 |
TOP OF THE 3RD |
Lehigh Valley IronPigs batting - Pitching for Colorado Springs Sky Sox : LHP Steve Ransom
|
Batting: RHB Moritake Fukumoto
|
0-0: Foul Ball, location: 2F 0-1: Called Strike 0-2: Foul Ball, location: 2F 0-2: Ball 1-2: Strikes out swinging
|
Batting: RHB Kyle Reilly
|
0-0: Foul Ball, location: 2F 0-1: Ball 1-1: Called Strike 1-2: Strikes out swinging
|
Batting: LHB Theodore Conboy
|
0-0: Ball 1-0: Swinging Strike 1-1: Called Strike 1-2: Foul Ball, location: 2F 1-2: Ball 2-2: Ball 3-2: Base on Balls
|
Batting: RHB Alberto Ramirez
|
0-0: Fly out, F9 (Flyball, 9S, EV 86.9 MPH)
|
Top of the 3rd over - 0 runs, 0 hits, 0 errors, 1 left on base; Lehigh Valley 0 - Colorado Springs 3 |
BOTTOM OF THE 3RD |
Colorado Springs Sky Sox batting - Pitching for Lehigh Valley IronPigs : RHP Chad Capaldi
|
Batting: LHB Michael Krott
|
0-0: Called Strike 0-1: Ball 1-1: Ball 2-1: Foul Ball, location: 2F 2-2: Strikes out swinging
|
Batting: LHB Luke Coulter
|
0-0: Ball 1-0: Called Strike 1-1: Swinging Strike 1-2: Strikes out swinging
|
Batting: RHB Eduardo Camacho
|
0-0: Called Strike 0-1: DOUBLE (Line Drive, 9LM, EV 91.9 MPH)
|
Batting: SHB Jamie Mims
|
0-0: Called Strike 0-1: Swinging Strike 0-2: Ball 1-2: Ball 2-2: Ball 3-2: Base on Balls
|
Batting: RHB John Stevenson
|
0-0: Swinging Strike 0-1: DOUBLE (Groundball, 5L, EV 97.5 MPH) Eduardo Camacho scores Jamie Mims to third Runner from 3rd tries for Home, SAFE, throw by LF to home
|
Pitching: RHP Yuichi Nozawa
|
|
Batting: LHB Mike Clark
|
0-0: Ball 1-0: DOUBLE (Groundball, 3L, EV 100.0 MPH) John Stevenson scores
|
Pitching: RHP Lucas McPhillie
|
|
Batting: RHB Zach Sommer
|
0-0: Ball 1-0: Ground out 1-3 (Groundball, 15S, EV 74.4 MPH)
|
Bottom of the 3rd over - 3 runs, 3 hits, 0 errors, 1 left on base; Lehigh Valley 0 - Colorado Springs 6 |
TOP OF THE 4TH |
Lehigh Valley IronPigs batting - Pitching for Colorado Springs Sky Sox : LHP Steve Ransom
|
Batting: LHB Josh George
|
0-0: Swinging Strike 0-1: Called Strike 0-2: Strikes out swinging, 2-3 out at first.
|
Batting: RHB Mark Schultz
|
0-0: Ball 1-0: Ball 2-0: Ground out U3 (Groundball, 34, EV 81.9 MPH)
|
Batting: RHB Victor Arroyo
|
0-0: Ball 1-0: Ball 2-0: Foul Ball, location: 2F 2-1: Called Strike 2-2: Ball 3-2: Base on Balls
|
Batting: SHB Marco de Leon
|
0-0: Ball 1-0: Swinging Strike 1-1: Ball 2-1: Foul Ball, location: 2F 2-2: Ball 3-2: Base on Balls Victor Arroyo to second
|
Batting: LHB Jose Carlos
|
0-0: Foul Ball, location: 2F 0-1: Foul Ball, location: 2F 0-2: Strikes out swinging
|
Top of the 4th over - 0 runs, 0 hits, 0 errors, 2 left on base; Lehigh Valley 0 - Colorado Springs 6 |
BOTTOM OF THE 4TH |
Colorado Springs Sky Sox batting - Pitching for Lehigh Valley IronPigs : RHP Lucas McPhillie
|
Batting: LHB Steve Gilliam
|
0-0: Ball 1-0: Called Strike 1-1: Ball 2-1: Ball 3-1: Ground out 5-3 (Groundball, 56, EV 86.9 MPH)
|
Batting: RHB Juan Figueroa
|
0-0: Ball 1-0: Called Strike 1-1: Foul Ball, location: 2F 1-2: Foul Ball, location: 2F 1-2: Ball 2-2: SINGLE (Flyball, 78M, EV 93.8 MPH)
|
Batting: LHB Michael Krott
|
0-0: Called Strike 0-1: Called Strike Juan Figueroa is caught stealing 2nd base 2-6 0-2: Strikes out looking
|
Bottom of the 4th over - 0 runs, 1 hit, 0 errors, 0 left on base; Lehigh Valley 0 - Colorado Springs 6 |
TOP OF THE 5TH |
Lehigh Valley IronPigs batting - Pitching for Colorado Springs Sky Sox : LHP Steve Ransom
|
Batting: RHB Moritake Fukumoto
|
0-0: Called Strike 0-1: Ball 1-1: Called Strike 1-2: SINGLE (Groundball, 6MD, EV 98.1 MPH)
|
Batting: RHB Kyle Reilly
|
0-0: Called Strike 0-1: Swinging Strike 0-2: Ball 1-2: Foul Ball, location: 2F 1-2: Grounds into double play, 5-4-3 (Groundball, 56, EV 82.5 MPH)
|
Batting: LHB Theodore Conboy
|
0-0: Foul Ball, location: 2F 0-1: Swinging Strike 0-2: Ball 1-2: Foul Ball, location: 2F 1-2: Foul Ball, location: 2F 1-2: Strikes out swinging
|
Top of the 5th over - 0 runs, 1 hit, 0 errors, 0 left on base; Lehigh Valley 0 - Colorado Springs 6 |
BOTTOM OF THE 5TH |
Colorado Springs Sky Sox batting - Pitching for Lehigh Valley IronPigs : RHP Lucas McPhillie
|
Batting: LHB Luke Coulter
|
0-0: Ball 1-0: Ground out 4-3 (Groundball, 4, EV 104.4 MPH)
|
Batting: RHB Eduardo Camacho
|
0-0: Called Strike 0-1: Ball 1-1: Foul Ball, location: 2F 1-2: Ball 2-2: Foul Ball, location: 2F 2-2: Ball 3-2: Fly out, F7 (Line Drive, 7D, EV 84.4 MPH)
|
Batting: SHB Jamie Mims
|
0-0: SINGLE (Groundball, 34D, EV 108.8 MPH)
|
Batting: RHB John Stevenson
|
0-0: Called Strike Jamie Mims is caught stealing 2nd base 2-4
|
Bottom of the 5th over - 0 runs, 1 hit, 0 errors, 0 left on base; Lehigh Valley 0 - Colorado Springs 6 |
TOP OF THE 6TH |
Lehigh Valley IronPigs batting - Pitching for Colorado Springs Sky Sox : LHP Steve Ransom
|
Batting: RHB Alberto Ramirez
|
0-0: Called Strike 0-1: Ground out 6-3 (Groundball, 6, EV 85.6 MPH)
|
Batting: LHB Josh George
|
0-0: Called Strike 0-1: Ball 1-1: Ball 2-1: Ball 3-1: Foul Ball, location: 2F 3-2: Strikes out swinging
|
Batting: RHB Mark Schultz
|
0-0: Foul Ball, location: 2F 0-1: Called Strike 0-2: Ground out 4-3 (Groundball, 4, EV 80.0 MPH)
|
Top of the 6th over - 0 runs, 0 hits, 0 errors, 0 left on base; Lehigh Valley 0 - Colorado Springs 6 |
BOTTOM OF THE 6TH |
Colorado Springs Sky Sox batting - Pitching for Lehigh Valley IronPigs : RHP Lucas McPhillie
|
Batting: RHB John Stevenson
|
0-0: Ball 1-0: Foul Ball, location: 2F 1-1: Foul Ball, location: 2F 1-2: Ball 2-2: Fly out, F9 (Line Drive, 9, EV 89.4 MPH)
|
Batting: LHB Mike Clark
|
0-0: Called Strike 0-1: Foul Ball, location: 2F 0-2: Foul Ball, location: 2F 0-2: Fly out, F4 (Line Drive, 4, EV 62.5 MPH)
|
Batting: RHB Zach Sommer
|
0-0: Called Strike 0-1: SINGLE (Groundball, 6M, EV 101.9 MPH) (infield hit)
|
Batting: LHB Steve Gilliam
|
0-0: Ball 1-0: Ball 2-0: Ball 3-0: Base on Balls Zach Sommer to second
|
Batting: RHB Juan Figueroa
|
0-0: Foul Ball, location: 2F 0-1: Ball 1-1: Ball 2-1: SINGLE (Groundball, 25, EV 68.1 MPH) (infield hit) Zach Sommer to third Steve Gilliam to second
|
Batting: LHB Michael Krott
|
0-0: Called Strike 0-1: Ball 1-1: Ground out 5-3 (Groundball, 5, EV 102.5 MPH)
|
Bottom of the 6th over - 0 runs, 2 hits, 0 errors, 3 left on base; Lehigh Valley 0 - Colorado Springs 6 |
TOP OF THE 7TH |
Lehigh Valley IronPigs batting - Pitching for Colorado Springs Sky Sox : LHP Steve Ransom
|
Batting: RHB Victor Arroyo
|
0-0: Called Strike 0-1: Foul Ball, location: 2F 0-2: Ball 1-2: Ball 2-2: Foul Ball, location: 2F 2-2: Ball 3-2: Base on Balls
|
Pitching: LHP Jared Lummus
|
|
Batting: SHB Marco de Leon
|
0-0: Foul Ball, location: 2F 0-1: Called Strike 0-2: Ball 1-2: Strikes out swinging
|
Batting: LHB Jose Carlos
|
0-0: Called Strike 0-1: Called Strike 0-2: Ball 1-2: Fielders Choice at 2nd, 4-6 (Groundball, 34S, EV 81.2 MPH)
|
Batting: RHB Moritake Fukumoto
|
0-0: Ball 1-0: Called Strike 1-1: Fly out, F7 (Flyball, 7D, EV 108.1 MPH)
|
Top of the 7th over - 0 runs, 0 hits, 0 errors, 1 left on base; Lehigh Valley 0 - Colorado Springs 6 |
BOTTOM OF THE 7TH |
Colorado Springs Sky Sox batting - Pitching for Lehigh Valley IronPigs : RHP Lucas McPhillie
|
Batting: LHB Luke Coulter
|
0-0: Ball 1-0: Ball 2-0: Called Strike 2-1: Foul Ball, location: 2F 2-2: Foul Ball, location: 2F 2-2: Ball 3-2: Strikes out swinging
|
Pitching: RHP Alex Florez
|
|
Batting: RHB Eduardo Camacho
|
0-0: Called Strike 0-1: SINGLE (Line Drive, 78S, EV 101.2 MPH)
|
Batting: SHB Jamie Mims
|
0-0: Ball 1-0: Grounds into double play, 6-4-3 (Groundball, 6, EV 81.9 MPH)
|
Bottom of the 7th over - 0 runs, 1 hit, 0 errors, 0 left on base; Lehigh Valley 0 - Colorado Springs 6 |
TOP OF THE 8TH |
Lehigh Valley IronPigs batting - Pitching for Colorado Springs Sky Sox : LHP Jared Lummus
|
Batting: RHB Kyle Reilly
|
0-0: Ball 1-0: Foul Ball, location: 2F 1-1: Foul Ball, location: 2F 1-2: Foul Ball, location: 2F 1-2: Ball 2-2: SINGLE (Groundball, 34D, EV 101.2 MPH)
|
Batting: LHB Theodore Conboy
|
0-0: Swinging Strike 0-1: Ball 1-1: Fielders Choice at 2nd, 5-4 (Groundball, 56, EV 111.9 MPH)
|
Batting: RHB Alberto Ramirez
|
0-0: Foul Ball, location: 2F 0-1: Called Strike 0-2: Strikes out swinging
|
Batting: LHB Josh George
|
0-0: Ball 1-0: Ground out U3 (Groundball, 3, EV 84.4 MPH)
|
Top of the 8th over - 0 runs, 1 hit, 0 errors, 1 left on base; Lehigh Valley 0 - Colorado Springs 6 |
BOTTOM OF THE 8TH |
Colorado Springs Sky Sox batting - Pitching for Lehigh Valley IronPigs : RHP Alex Florez
|
Batting: RHB John Stevenson
|
0-0: Swinging Strike 0-1: SINGLE (Groundball, 4MD, EV 105.0 MPH)
|
Batting: LHB Mike Clark
|
0-0: Ball John Stevenson steals 2nd base 1-0: Fly out, F9 (Flyball, 89D, EV 99.4 MPH) Runner from 2nd tags up, SAFE at 3rd, no throw by RF
|
Batting: RHB Zach Sommer
|
0-0: Called Strike 0-1: Foul Ball, location: 2F 0-2: DOUBLE (Groundball, 5L, EV 104.4 MPH) John Stevenson scores
|
Batting: LHB Steve Gilliam
|
0-0: Foul Ball, location: 2F 0-1: Foul Ball, location: 2F 0-2: Ball 1-2: Reached on error, E6 (Groundball, 56, EV 91.2 MPH) Zach Sommer to third
|
Batting: RHB Juan Figueroa
|
0-0: Called Strike 0-1: Ball Steve Gilliam steals 2nd base 1-1: Ball Wild Pitch! Zach Sommer scores Steve Gilliam to third 2-1: Foul Ball, location: 2F 2-2: Ground out 4-3 (Groundball, 4, EV 88.1 MPH) Steve Gilliam scores
|
Batting: LHB Michael Krott
|
0-0: Ball 1-0: Swinging Strike 1-1: Swinging Strike 1-2: Ball 2-2: Foul Ball, location: 2F 2-2: Strikes out swinging
|
Bottom of the 8th over - 3 runs, 2 hits, 1 error, 0 left on base; Lehigh Valley 0 - Colorado Springs 9 |
TOP OF THE 9TH |
Lehigh Valley IronPigs batting - Pitching for Colorado Springs Sky Sox : LHP Jared Lummus
|
Batting: RHB Mark Schultz
|
0-0: Ball 1-0: Ball 2-0: Called Strike 2-1: Ball 3-1: SOLO HOME RUN (Flyball, 78XD, EV 103.1 MPH), Distance : 408 ft
|
Batting: RHB Victor Arroyo
|
0-0: Foul Ball, location: 2F 0-1: Ball 1-1: Ball 2-1: Foul Ball, location: 2F 2-2: Ball 3-2: Fly out, F7 (Flyball, 7, EV 90.0 MPH)
|
Batting: SHB Marco de Leon
|
0-0: Called Strike 0-1: Ball 1-1: Swinging Strike 1-2: Strikes out swinging
|
Batting: LHB Jose Carlos
|
0-0: Ball 1-0: Foul Ball, location: 2F 1-1: Ground out 4-3 (Groundball, 34, EV 103.1 MPH)
|
Top of the 9th over - 1 run, 1 hit, 0 errors, 0 left on base; Lehigh Valley 1 - Colorado Springs 9 |
|